 Dungeon Crawl Stone Soup version 0.23.2-30-g0e89c35649 (webtiles) character file.

Game seed: 7550168494518008606

41985 forest the Slinger (level 13, -1/68 HPs)
             Began as a Spriggan Assassin on June 16, 2019.
             Was the Champion of Dithmenos.
             Killed by refrigeration
             ... invoked by Fannar
              (19 damage)
             ... on level 11 of the Dungeon on June 17, 2019.
             The game lasted 02:14:21 (31838 turns).

forest the Slinger (Spriggan Assassin)             Turns: 31838, Time: 02:14:21

Health: -1/68      AC:  6    Str: 12    XL:     13   Next: 83%
Magic:  26/26      EV: 26    Int: 12    God:    Dithmenos [******]
Gold:   1377       SH:  8    Dex: 25    Spells: 20/29 levels left

rFire    . . .     SeeInvis +   R - +8 autumn katana {slice, Clar}
rCold    . . .     Gourm    .   K - +0 buckler
rNeg     . . .     Faith    .   L - +2 troll leather armour
rPois    .         Spirit   .   (helmet restricted)
rElec    .         Reflect  .   S - scarf {cloud immunity}
rCorr    .         Harm     .   (gloves unavailable)
MR       +++..     Clarity  +   (boots unavailable)
Stlth    +++++++++.             s - amulet of the acrobat
HPRegen  0.61/turn              l - ring of protection from magic
MPRegen  0.20/turn              B - +3 ring of dexterity

@: about to teleport, wreathed by umbra, very quick
A: very small, unfitting armour, see invisible, agile 1, herbivore, speed 3,
slow metabolism 2, strong 1, MP-powered wands
a: Shadow Step, Shadow Form, Renounce Religion


You were on level 11 of the Dungeon.
You worshipped Dithmenos.
Dithmenos was exalted by your worship.
You were not hungry.

You visited 4 branches of the dungeon, and saw 19 of its levels.

You collected 1689 gold pieces.
You spent 312 gold pieces at shops.

Inventory:

Hand Weapons
 b - a +1 blowgun
 q - a +2 dagger of speed
 t - a +0 rapier of piercing
 C - a +4 hunting sling of velocity
 R - the +8 autumn katana (weapon) {slice, Clar}
   (You found it on level 10 of the Dungeon)

   It inflicts extra damage upon your enemies.
   It protects you against confusion.
Missiles
 a - 110 stones
 c - 32 tomahawks (quivered)
 e - 89 poisoned needles
 f - 2 curare-tipped needles
 j - 4 throwing nets
 k - 105 sling bullets
Armour
 m - a +2 robe of magic resistance
 K - a +0 buckler (worn)
 L - a +2 troll leather armour (worn)
 S - a scarf of cloud immunity (worn)
 X - +0 fire dragon scales
Jewellery
 h - an uncursed ring of fire
 l - a ring of protection from magic (left hand)
 s - an amulet of the acrobat (around neck)
 B - a +3 ring of dexterity (right hand)
 Y - an uncursed ring of ice
Wands
 n - a wand of disintegration (12)
 y - a wand of paralysis (8)
 D - a wand of flame (2)
 G - a wand of polymorph (7)
 H - a wand of random effects (41)
 M - a wand of iceblast (12)
 P - a wand of acid (1)
 V - a wand of digging (3)
 W - a wand of clouds (6)
Scrolls
 o - a scroll of teleportation
 p - 4 scrolls of immolation
 w - a scroll of magic mapping
 J - a scroll of fog
 N - 2 scrolls of remove curse
Potions
 d - a potion of cancellation
 g - 4 potions of berserk rage
 i - a potion of resistance {unknown}
 v - 2 potions of agility
 z - 2 potions of magic
 A - 4 potions of flight
 E - a potion of brilliance
 O - a potion of degeneration {unknown}
 Q - 2 potions of might {unknown}
 T - 3 potions of curing
Miscellaneous
 I - a phial of floods
Comestibles
 U - 2 rations


   Skills:
 + Level 7.6 Fighting
 + Level 7.4(9.4) Short Blades
 + Level 6.9(7.8) Long Blades
 + Level 13.0(13.2) Slings
 + Level 3.5(8.1) Throwing
 + Level 2.4 Armour
 + Level 8.8 Dodging
 + Level 12.5 Stealth
 + Level 3.0 Shields
 + Level 8.9 Spellcasting
 + Level 2.4 Conjurations
 + Level 0.5 Fire Magic
 + Level 6.0 Air Magic
 + Level 6.5 Poison Magic


You had 20 spell levels left.
You knew the following spells:

 Your Spells              Type           Power        Failure   Level  Hunger
a - Sting                 Conj/Pois      ###.         3%          1    None
b - Poisonous Vapours     Pois/Air       ###...       2%          2    None
c - Mephitic Cloud        Conj/Pois/Air  ###.....     9%          3    ##.....
d - Throw Flame           Conj/Fire      #.....       19%         2    None
e - Summon Butterflies    Summ           #.......     24%         1    None

Your spell library contained the following spells:

 Spells                   Type           Power        Failure   Level  Hunger
 Flame Tongue             Conj/Fire      #....        13%         1    None
 Olgreb's Toxic Radiance  Pois           ###.....     16%         4    ####...
 Confusing Touch          Hex            #.....       24%         1    None
 Conjure Flame            Conj/Fire      #.......     36%         3    ##.....
 Inner Flame              Hex/Fire       #.......     52%         3    ##.....
 Call Canine Familiar     Summ           #.......     56%         3    ##.....
 Confuse                  Hex            #.......     56%         3    ##.....
 Gell's Gravitas          Tloc           #.........   56%         3    ##.....
 Venom Bolt               Conj/Pois      ###.......   71%         5    #####..
 Sticky Flame             Conj/Fire      #.......     77%         4    ####...
 Petrify                  Tmut/Erth      #.......     93%         4    ####...
 Summon Ice Beast         Ice/Summ       #.......     93%         4    ####...
 Fireball                 Conj/Fire      #.........   98%         5    #####..
 Metabolic Englaciation   Hex/Ice        #.........   100%        5    #####..
 Summon Mana Viper        Hex/Summ       #.......     100%        5    #####..
 Yara's Violent Unravell  Hex/Tmut       #.........   100%        5    #####..
 Summon Hydra             Summ           #.........   100%        7    #######


Dungeon Overview and Level Annotations

Branches:
Dungeon (12/15)            Temple (1/1) D:5            Lair (4/6) D:9
  Swamp (0/4) Lair:2        Snake (0/4) Lair:4          Orc (2/2) D:10
    Elf (0/3) Orc:2

Altars:
Ashenzari
Cheibriados
Dithmenos
Elyvilon
Fedhas
Gozag
Hepliaklqana
Kikubaaqudgha
Makhleb
Nemelex Xobeh
Okawaru
Qazlal
Ru
Sif Muna
Trog
Uskayaw
Vehumet
Wu Jian
Xom
Yredelemnul
Zin
The Shining One
Beogh

Shops:
D:5 ::   D:6 =[!   Orc:1 [   Orc:2 [*

Annotations:
D:11 1 runed translucent door, Fannar; Hycrow's ghost, journeyman MiBe
Lair:1 exclusion: 2 oklob plants


Innate Abilities, Weirdness & Mutations

You are very small and have problems with some larger weapons.
You are too small for most types of armour.
You have supernaturally acute eyesight. (SInv)
You are a herbivore.
You cover ground extremely quickly.
You need to consume almost no food.
You are agile. (Dex +2)
Your muscles are strong. (Str +2)
You expend magic power (3 MP) to strengthen your wands.


Message History

Fannar casts a spell.
Fannar drains the heat from the surrounding environment!
You feel very cold.
* * * LOW HITPOINT WARNING * * *
You feel much better. You block the ice beast's attack.
As you read the scroll of teleportation, it crumbles to dust.
You feel strangely unstable. The ice beast misses you.
Fannar casts a spell.
Fannar drains the heat from the surrounding environment!
You feel very cold.
* * * LOW HITPOINT WARNING * * *
As you read the scroll of summoning, it crumbles to dust.
Wisps of shadow whirl around you... The ice beast completely misses you.
You riposte.
You barely miss the ice beast.
The ice beast is almost dead.
You block the ice beast's attack.
Fannar casts a spell.
Fannar drains the heat from the surrounding environment!
You feel very cold.
You die...

#####.#...###..##...###....#
#.# .#...##..###...#....
###..# #.#
.#.###...§§#..##..#.. ####
#.. .#.# ###.(§...#...#'#
...#######
.#.#######.e.##..##.##
..##......
.........###.Y..?#!%!
...#.######
##.###########..###.# ..##.#
## #.#
#.#..Y..###...##.#####. #.#
#.###Y@C..#..##........ ##.#
#.#####.H....###.##.... ...#
#.##.####...## #.##.### ####
#.##.# ###.# #.##.##. #.##.#
# #....#.# #.##.# ####..##
#.##.##############.###
#...#.............#....
#####
####.#.####.#####.###..


You could see Fannar, 3 ice beasts, a friendly manticore and a friendly cyclops.

Vanquished Creatures
  An orc warlord (Orc:2)
  An ettin (D:10)
  Harold (D:10)
  4 hydras
  3 two-headed ogres
  4 death yaks (Lair:2)
  A queen ant (Lair:4)
  An orc high priest (Orc:2)
  4 skeletal warriors (D:11)
  3 orc knights
  3 orc sorcerers
  2 ugly things
  2 cyclopes (Orc:2)
  2 manticores (D:11)
  Maurice (D:10)
  4 elephants (Lair:4)
  5 black mambas
  Joseph (D:10)
  3 rime drakes
  7 spiny frogs
  A komodo dragon (Lair:2)
  4 trolls
  The ghost of Pyrotika the Chopper, an amateur HOFi (D:4)
  A polar bear (Lair:3)
  Prince Ribbit (D:7)
  8 blink frogs (Lair:3)
  A hippogriff (Lair:1)
  Sigmund (D:3)
  2 basilisks
  3 wyverns
  12 yaks
  Edmund (D:6)
  3 soldier ants (Lair:4)
  2 wargs
  2 water moccasins
  Duvessa (D:7)
  41 orc warriors
  6 porcupines
  2 phantoms
  An ice beast (D:9)
  11 ogres
  A sky beast (D:7)
  An eye of draining (D:10)
  A necrophage (D:8)
  3 centaurs
  10 crocodiles
  A big kobold (D:6)
  13 bullfrogs
  Dowan (D:7)
  2 scorpions (D:5)
  A killer bee (D:11)
  5 wights
  3 howler monkeys
  A bullfrog zombie (D:10)
  4 crimson imps
  34 orc priests
  A centaur zombie (D:9)
  5 hounds
  Crazy Yiuf (D:6)
  2 gnoll shamans
  A jelly (D:9)
  5 bullfrog skeletons
  21 orc wizards
  12 worker ants
  4 iguanas
  A hound zombie (D:10)
  2 hound skeletons
  A howler monkey zombie (D:8)
  2 worker ant zombies
  22 gnolls
  10 adders
  A shadow imp (D:10)
  2 adder zombies
  3 worms
  7 leopard geckos
  114 orcs
  A ball python (D:3)
  11 bats
  15 giant cockroaches
  9 hobgoblins
  13 jackals
  5 quokkas
  8 frilled lizards
  7 goblins
  16 kobolds
  A quokka skeleton (D:5)
  5 rats
  A butterfly (Lair:2)
  A fungus (Lair:4)
549 creatures vanquished.

Vanquished Creatures (collateral kills)
  A howler monkey (D:6)
  3 gnolls (D:6)
4 creatures vanquished.

Vanquished Creatures (others)
  3 fungi
  A plant (Lair:4)
4 creatures vanquished.

Grand Total: 557 creatures vanquished

Notes
Turn   | Place    | Note
-------+----------+-------------------------------------------
     0 | D:1      | forest the Spriggan Assassin began the quest for the Orb.
     0 | D:1      | Reached XP level 1. HP: 10/10 MP: 2/2
   262 | D:1      | Reached XP level 2. HP: 13/15 MP: 3/3
   746 | D:1      | Reached XP level 3. HP: 18/18 MP: 4/4
  1780 | D:2      | Reached XP level 4. HP: 23/23 MP: 5/5
  2581 | D:3      | Reached skill level 1 in Slings
  2735 | D:3      | Reached XP level 5. HP: 26/26 MP: 6/6
  3237 | D:3      | Noticed Sigmund
  3413 | D:3      | Killed Sigmund
  3413 | D:3      | Reached skill level 3 in Slings
  3413 | D:3      | Reached XP level 6. HP: 14/32 MP: 7/7
  5079 | D:4      | You fall through a shaft for 3 floors!
  5099 | D:7      | Reached skill level 4 in Slings
  5193 | D:7      | Reached XP level 7. HP: 21/35 MP: 8/8
  5364 | D:6      | Found Quixeyno's Jewellery Emporium.
  5407 | D:5      | Entered Level 5 of the Dungeon
  5407 | D:5      | Found Afutoydiuck's Book Emporium.
  5738 | D:4      | Found a runed translucent door.
  5742 | D:4      | Noticed Pyrotika's ghost (amateur HOFi)
  6291 | D:4      | Killed Pyrotika's ghost
  6291 | D:4      | Reached skill level 6 in Slings
  7022 | D:4      | Found a white marble altar of Elyvilon.
  7257 | D:4      | Found an opulent altar of Gozag.
  7257 | D:4      | Found a snail-covered altar of Cheibriados.
  7343 | D:5      | Found a staircase to the Ecumenical Temple.
  7357 | Temple   | Entered the Ecumenical Temple
  7363 | Temple   | Became a worshipper of Dithmenos the Shadowed
  7895 | D:5      | Learned a level 1 spell: Sting
  7898 | D:5      | Learned a level 2 spell: Poisonous Vapours
  8138 | D:5      | Reached XP level 8. HP: 24/40 MP: 9/9
  8865 | D:5      | Reached skill level 7 in Slings
  8890 | D:5      | Reached skill level 1 in Conjurations
  9308 | D:5      | Reached skill level 1 in Spellcasting
  9683 | D:5      | Found Muopsi Mawu's Book Emporium.
  9775 | D:6      | Found Kunoh's Distillery.
  9849 | D:6      | Reached skill level 8 in Slings
  9860 | D:6      | Found Nesu's Antique Armour Emporium.
 10227 | D:6      | Noticed Edmund
 10303 | D:6      | Killed Edmund
 10303 | D:6      | Reached skill level 5 in Short Blades
 10613 | D:6      | Found a sparkling altar of Nemelex Xobeh.
 11419 | D:6      | Found a runed translucent door.
 11420 | D:6      | Noticed Crazy Yiuf
 11427 | D:6      | Killed Crazy Yiuf
 11427 | D:6      | Reached skill level 1 in Air Magic
 11427 | D:6      | Reached skill level 1 in Poison Magic
 11760 | D:7      | Noticed Prince Ribbit
 11812 | D:7      | Killed Prince Ribbit
 11812 | D:7      | Reached skill level 5 in Dodging
 11812 | D:7      | Reached XP level 9. HP: 12/45 MP: 4/13
 12279 | D:7      | Reached * piety under Dithmenos
 12580 | D:6      | Reached skill level 9 in Slings
 12817 | D:7      | Noticed Duvessa
 12817 | D:7      | Noticed Dowan
 12834 | D:7      | Killed Duvessa
 12870 | D:7      | Killed Dowan
 13462 | D:7      | Found a sacrificial altar of Ru.
 13525 | D:8      | Noticed a purple ugly thing
 13621 | D:7      | Killed a purple ugly thing
 14399 | D:9      | Noticed a troll
 14496 | D:8      | Killed a troll
 14496 | D:8      | Reached skill level 10 in Stealth
 14983 | D:8      | Learned a level 3 spell: Mephitic Cloud
 15573 | D:8      | Reached skill level 10 in Slings
 15573 | D:8      | Reached XP level 10. HP: 51/51 MP: 10/15
 15702 | D:8      | Learned a level 2 spell: Throw Flame
 16109 | D:9      | Found a staircase to the Lair.
 16253 | D:9      | Reached ** piety under Dithmenos
 17267 | D:10     | Entered Level 10 of the Dungeon
 17332 | D:10     | Noticed Maurice
 17677 | D:10     | Reached skill level 11 in Slings
 17744 | D:10     | Noticed Joseph
 17996 | D:10     | Killed Joseph
 17996 | D:10     | Reached *** piety under Dithmenos
 17996 | D:10     | Reached skill level 5 in Fighting
 18059 | D:10     | Killed Maurice
 18593 | D:10     | Reached skill level 5 in Spellcasting
 18627 | D:10     | Noticed Harold
 18647 | D:10     | Killed Harold
 18647 | D:10     | Reached XP level 11. HP: 56/56 MP: 11/19
 18815 | D:10     | Found the +8 autumn katana {slice, Clar}
 18937 | D:10     | Learned a level 1 spell: Summon Butterflies
 18937 | D:10     | Found a staircase to the Orcish Mines.
 19163 | Orc:1    | Entered Level 1 of the Orcish Mines
 19167 | Orc:1    | Found Yhuaz's Antique Armour Shoppe.
 19195 | Orc:1    | Bought a glowing scarf for 312 gold pieces
 19468 | Orc:1    | Noticed an orc sorcerer
 19476 | Orc:1    | Noticed a sixfirhy
 19483 | Orc:1    | Noticed a sun demon
 19489 | Orc:1    | Killed an orc sorcerer
 19489 | Orc:1    | Reached skill level 1 in Long Blades
 19580 | Orc:1    | Noticed an ettin
 19582 | Orc:1    | Noticed an orc knight
 19606 | Orc:1    | Noticed an orc knight
 19758 | D:10     | Killed an ettin
 20042 | D:10     | Killed an orc knight
 20258 | Orc:1    | Reached **** piety under Dithmenos
 20285 | D:10     | Reached skill level 1 in Shields
 20502 | D:10     | Gained mutation: You are weak. (Str -2) [potion of
                  | mutation]
 20502 | D:10     | Lost mutation: You are weak. (Str -2) [potion of mutation]
 20502 | D:10     | Gained mutation: Armour fits poorly on your strangely
                  | shaped body. [potion of mutation]
 20502 | D:10     | Gained mutation: You are partially covered in thin metallic
                  | scales. (AC +2) [potion of mutation]
 20690 | Orc:1    | Killed an orc knight
 20690 | Orc:1    | Reached skill level 1 in Armour
 21406 | Orc:2    | Entered Level 2 of the Orcish Mines
 21609 | Orc:2    | Noticed a two-headed ogre
 21610 | Orc:2    | Reached ***** piety under Dithmenos
 21664 | Orc:1    | Killed a two-headed ogre
 21710 | Orc:2    | Noticed a two-headed ogre
 22029 | Orc:2    | Killed a two-headed ogre
 22356 | Orc:2    | Noticed a two-headed ogre
 22502 | Orc:2    | Reached skill level 12 in Slings
 22502 | Orc:2    | Reached XP level 12. HP: 61/61 MP: 15/22
 22653 | Orc:2    | Killed a two-headed ogre
 22767 | Orc:2    | Found a staircase to the Elven Halls.
 22949 | Orc:2    | Found Vyb Ycre's Assorted Antiques.
 22950 | Orc:2    | Noticed an orc high priest
 23740 | Orc:2    | Noticed an orc warlord
 23751 | Orc:2    | Reached skill level 5 in Air Magic
 24009 | Orc:2    | Reached skill level 5 in Poison Magic
 24125 | Orc:2    | Found a roughly hewn altar of Beogh.
 24369 | Orc:2    | Killed an orc warlord
 24536 | Orc:2    | Noticed an orc high priest
 24553 | Orc:2    | Killed an orc high priest
 24604 | Orc:2    | Found Mutucsaysh's Antique Armour Boutique.
 24606 | Orc:2    | Noticed an orc high priest
 24793 | Orc:2    | Found a roughly hewn altar of Beogh.
 25101 | D:11     | Found a runed translucent door.
 25102 | D:11     | Noticed Hycrow's ghost (journeyman MiBe)
 25134 | D:11     | Noticed Fannar
 25444 | D:11     | Reached ****** piety under Dithmenos
 25725 | Lair:1   | Entered Level 1 of the Lair of Beasts
 25821 | Lair:1   | HP: 3/62 [black mamba (13)]
 25984 | Lair:1   | Reached skill level 5 in Long Blades
 26060 | Lair:1   | Lost mutation: Armour fits poorly on your strangely shaped
                  | body. [potion of mutation]
 26060 | Lair:1   | Lost mutation: You are partially covered in thin metallic
                  | scales. (AC +2) [potion of mutation]
 26060 | Lair:1   | Gained mutation: You expend magic power (3 MP) to
                  | strengthen your wands. [potion of mutation]
 26060 | Lair:1   | Gained mutation: Your muscles are strong. (Str +2) [potion
                  | of mutation]
 26060 | Lair:1   | Gained mutation: You are agile. (Dex +2) [potion of
                  | mutation]
 26728 | Lair:2   | Found a staircase to the Swamp.
 26729 | Lair:2   | Noticed a five-headed hydra
 26973 | Lair:2   | Reached XP level 13. HP: 66/66 MP: 26/26
 29882 | Lair:4   | Found a staircase to the Snake Pit.
 30290 | Lair:4   | Noticed an entropy weaver
 30290 | Lair:4   | Noticed an entropy weaver
 31725 | D:11     | Reached skill level 13 in Slings
 31835 | D:11     | HP: 3/68 [Fannar/refrigeration (17)]
 31838 | D:11     | Killed from afar by Fannar

Skill      XL: |  1  2  3  4  5  6  7  8  9 10 11 12 13 |
---------------+----------------------------------------+-----
Stealth        | 6 7 8 10 11 12 | 12.5
Fighting       | 2 3 4 5 6 7 |  7.6
Dodging        | 2 3 4 5 6 7 8 |  8.8
Short Blades   | 3 4 5 6 7 |  7.4
Slings         | 1 3 4 6 8 10 11 12 13 | 13.0
Conjurations   | 1 2 |  2.4
Spellcasting   | 2 3 5 6 8 |  8.9
Air Magic      | 1 2 3 4 5 6 |  6.0
Poison Magic   | 1 2 3 4 5 6 |  6.5
Long Blades    | 4 5 6 |  6.9
Shields        | 1 2 3 |  3.0
Armour         | 1 2 |  2.4
Throwing       | 3 |  3.5
Fire Magic     | |  0.5

Action                   |  1- 3 |  4- 6 |  7- 9 | 10-12 | 13-15 || total
-------------------------+-------+-------+-------+-------+-------++-------
Melee: Dagger            |   231 |   115 |       |       |       ||   346
       Rapier            |       |    49 |   279 |   128 |    54 ||   510
       Hunting sling     |       |       |       |     1 |       ||     1
       Katana            |       |       |       |   331 |   122 ||   453
 Fire: Hunting sling     |       |    83 |   445 |   819 |   297 ||  1644
       Blowgun           |       |    12 |       |     6 |       ||    18
Throw: Tomahawk          |       |       |     1 |    32 |    10 ||    43
       Stone             |       |       |       |    32 |       ||    32
 Cast: Sting             |       |       |    24 |    18 |     3 ||    45
       Poisonous Vapours |       |       |    31 |   142 |    40 ||   213
       Mephitic Cloud    |       |       |     3 |    15 |    18 ||    36
       Throw Flame       |       |       |       |     6 |     3 ||     9
       Summon Butterflie |       |       |       |     1 |       ||     1
  Use: Scroll            |     5 |     3 |    11 |     8 |     7 ||    34
       Potion            |     1 |       |       |     7 |     1 ||     9
 Stab: Distracted        |     1 |     1 |     2 |     6 |     1 ||    11
       Sleeping          |    15 |    14 |    18 |    28 |    21 ||    96
  Eat: Ration            |       |     1 |     8 |     9 |     3 ||    21
Armor: Robe              |    26 |    29 |    25 |     2 |       ||    82
       Troll leather arm |       |       |       |    25 |    14 ||    39
Dodge: Dodged            |   124 |   214 |   336 |   545 |   189 ||  1408
Block: Buckler           |       |       |       |   192 |    64 ||   256
       Rpst.: Katana     |       |       |       |    88 |    31 ||   119
